 Dungeon Crawl Stone Soup version 0.24-a0-106-gcea5463 (webtiles) character file.

Game seed: 0

591 galech the Chopper (level 7, 0/54 HPs)
             Began as a Demonspawn Fighter on Feb 13, 2019.
             Was an Initiate of Okawaru.
             Slain by an orc
             ... wielding a +2 hand axe of freezing
              (1 damage)
             ... on level 5 of the Dungeon.
             The game lasted 00:05:52 (3898 turns).

galech the Chopper (Demonspawn Fighter)             Turns: 3898, Time: 00:05:53

Health: 0/54       AC: 11    Str: 16    XL:     7   Next: 16%
Magic:  7/7        EV:  8    Int:  6    God:    Okawaru [......]
Gold:   207        SH:  9    Dex: 15    Spells: 6/6 levels left

rFire    + . .     SeeInvis +   a - +0 war axe
rCold    . . .     Gourm    .   c - +0 shield
rNeg     . . .     Faith    .   x - +2 scale mail {rF+}
rPois    .         Spirit   .   (helmet restricted)
rElec    .         Reflect  .   (no cloak)
rCorr    .         Harm     .   (no gloves)
MR       .....                  (no boots)
Stlth    ..........             (no amulet)
HPRegen  0.18/turn              z - -3 ring of intelligence (curse)
MPRegen  0.10/turn              u - ring of see invisible

@: no status effects
A: horns 1, slimy green scales 1, powered by pain 1, rot immunity
a: Renounce Religion


You were on level 5 of the Dungeon.
You worshipped Okawaru.
Okawaru was noncommittal.
You were not hungry.

You visited 2 branches of the dungeon, and saw 6 of its levels.

You collected 207 gold pieces.

Inventory:

Hand Weapons
 a - a +0 war axe (weapon)
Armour
 b - a +0 scale mail
 c - a +0 shield (worn)
 x - a +2 scale mail of fire resistance (worn)
Jewellery
 r - an uncursed ring of stealth
 u - a ring of see invisible (right hand)
 z - a cursed -3 ring of intelligence (left hand)
Wands
 A - a wand of polymorph (6)
Scrolls
 j - 5 scrolls of teleportation {unknown}
 l - a scroll of blinking
 n - 4 scrolls of fear
 p - a scroll of amnesia {unknown}
 s - 3 scrolls of fog {unknown}
 v - a scroll of immolation
 w - a scroll of noise
 y - a scroll of remove curse
 B - a scroll of enchant weapon
Potions
 d - a potion of might
 e - 2 potions of curing
 g - 2 potions of lignification {unknown}
 h - 3 potions of degeneration {unknown}
 i - a potion of invisibility {unknown}
 k - a potion of mutation {unknown}
 m - a potion of agility {unknown}
 q - 2 potions of ambrosia {unknown}
 t - 2 potions of heal wounds {unknown}
Comestibles
 f - 5 rations


   Skills:
 + Level 4.1 Fighting
 + Level 4.7 Axes
 + Level 4.0 Armour
 + Level 1.7 Dodging
 + Level 0.1 Stealth
 + Level 4.0 Shields


You had 6 spell levels left.
You didn't know any spells.
Your spell library was empty.

Dungeon Overview and Level Annotations

Branches:
Dungeon (5/15)             Temple (1/1) D:5

Altars:
Ashenzari
Cheibriados
Fedhas
Gozag
Kikubaaqudgha
Makhleb
Nemelex Xobeh
Okawaru
Qazlal
Ru
Sif Muna
Trog
Uskayaw
Vehumet
Xom
Yredelemnul
The Shining One

Shops:
D:5 }

Annotations:
D:3 2 transporters, Lanoc's ghost, novice GnFi


Innate Abilities, Weirdness & Mutations

You have a pair of small horns on your head.
You are partially covered in slimy green scales. (AC +2)
You sometimes gain a little power by taking damage.
You are immune to rotting.


Message History

You closely miss the orc priest. You hit the orc.
Your scale mail prevents you from hitting the quokka skeleton.
You block the orc's attack.
The quokka skeleton bites you but does no damage.
The orc priest barely misses you.
Unknown command.
You hit the orc priest but do no damage.
You barely miss the orc. You barely miss the quokka skeleton.
The orc hits you with a +2 hand axe of freezing.
The orc freezes you.
* * * LOW HITPOINT WARNING * * *
You block the quokka skeleton's attack.
The orc priest calls down the wrath of Beogh upon you.
Beogh smites you!
* * * LOW HITPOINT WARNING * * *
The quokka skeleton barely misses you.
The orc hits you with a +2 hand axe of freezing.
* * * LOW HITPOINT WARNING * * *
The orc freezes you.
You die...

#⌠.##'.#.⌠# #.........
........####
#.......#... +..._...'.
. #.......# .# # ..
#.#..Zoo..#####...# ...
#....@)...#....#.# #..
#⌠)##'##.⌠#..#...
.#...####...####..#.####
........#...#...........
#..#...#..#.....#
##..####.....#
..##........#..#
.........#..##..# #
.........)......# .#


You could see an orc priest, an orc and a quokka skeleton.

Vanquished Creatures
  Menkaure (D:4)
  An ogre (D:5)
  An orc priest (D:4)
  3 orc wizards
  A hound (D:4)
  Terence (D:3)
  Robin (D:3)
  A gnoll (D:3)
  6 adders
  A shadow imp (D:5)
  An ooze (D:3)
  A worm (D:3)
  2 dart slugs (D:2)
  6 leopard geckos
  14 orcs
  2 ball pythons (D:3)
  7 bats
  5 giant cockroaches
  13 goblins
  13 hobgoblins
  5 jackals
  5 quokkas
  4 frilled lizards
  9 kobolds
  A leopard gecko skeleton (D:3)
  A quokka skeleton (D:3)
  3 rats
109 creatures vanquished.

Notes
Turn   | Place    | Note
-------+----------+-------------------------------------------
     0 | D:1      | galech the Demonspawn Fighter began the quest for the Orb.
     0 | D:1      | Reached XP level 1. HP: 18/18 MP: 1/1
   179 | D:1      | Gained mutation: You sometimes gain a little power by
                  | taking damage. [demonic ancestry]
   179 | D:1      | Reached XP level 2. HP: 24/24 MP: 2/2
   780 | D:2      | Gained mutation: You have a pair of small horns on your
                  | head. [demonic ancestry]
   780 | D:2      | Reached XP level 3. HP: 29/29 MP: 3/3
  1067 | D:2      | Found a stormy altar of Qazlal.
  1192 | D:3      | Identified the -4 helmet of Loss {rC++ rCorr}
  1192 | D:3      | Noticed Robin
  1397 | D:2      | Reached XP level 4. HP: 8/35 MP: 4/4
  1782 | D:2      | Reached skill level 1 in Dodging
  1875 | D:3      | Killed Robin
  2064 | D:3      | Noticed Terence
  2082 | D:3      | Killed Terence
  2082 | D:3      | Gained mutation: You are partially covered in slimy green
                  | scales. (AC +2) [demonic ancestry]
  2082 | D:3      | Reached XP level 5. HP: 12/41 MP: 5/5
  2328 | D:3      | Found a transporter.
  2329 | D:3      | Noticed Lanoc's ghost (novice GnFi)
  2332 | D:3      | Noticed a hungry ghost
  2372 | D:3      | Found a transporter.
  3203 | D:4      | Reached XP level 6. HP: 48/48 MP: 6/6
  3742 | D:4      | Noticed Menkaure
  3750 | D:4      | Killed Menkaure
  3781 | D:5      | Entered Level 5 of the Dungeon
  3797 | D:5      | Found a staircase to the Ecumenical Temple.
  3804 | Temple   | Entered the Ecumenical Temple
  3824 | Temple   | Became a worshipper of Warmaster Okawaru
  3853 | D:5      | Found Rikuiclo's Gadget Shop.
  3879 | D:5      | Gained mutation: You are immune to rotting. [demonic
                  | ancestry]
  3879 | D:5      | Reached XP level 7. HP: 32/53 MP: 7/7
  3889 | D:5      | Found a shattered altar of Ashenzari.
  3898 | D:5      | HP: 1/54 [orc/+2 hand axe of freezing (2)]
  3898 | D:5      | Slain by an orc

Levels and vault maps discovered:
D:1:      ncdulo_lavacross, layout_loops_ring, kennysheep_boxes
D:2:      layout_loops_ring, lemuel_round_altar
D:3:      layout_loops_corners, gammafunk_ghost_mausoleum,
          minmay_increasing_density, uniq_terence, uniq_robin
D:4:      layout_gridville, first_ration, uniq_menkaure
D:5:      layout_basic, temple_statues, serial_shops, shop,
          lightli_ossuary_entry_decrepit_ruins, evilmike_ruin_ashenzari
Temple:   lightli_temple_of_artemis

Skill      XL: |  1  2  3  4  5  6  7 |
---------------+----------------------+-----
Axes           | 2 3 4 |  4.7
Armour         | 3 4 |  4.0
Shields        | 3 4 |  4.0
Dodging        | 1 |  1.7
Fighting       | 4 |  4.1
Stealth        | |  0.1

Action                   |  1- 3 |  4- 6 |  7- 9 || total
-------------------------+-------+-------+-------++-------
Melee: War axe           |   110 |   195 |     7 ||   312
       Headbutt          |     8 |    44 |     1 ||    53
  Use: Potion            |     1 |       |       ||     1
       Scroll            |       |     6 |       ||     6
  Eat: Chunk             |     2 |     8 |       ||    10
Armor: Scale mail        |    64 |    94 |     7 ||   165
Dodge: Dodged            |    50 |    64 |     2 ||   116
Block: Shield            |    72 |   111 |     7 ||   190

Table legend:
 A = Non-vault XP
 B = Vault XP
 C = Vault XP percentage of total XP
 D = Non-vault monster count
 E = Vault monster count
 F = Vault count percentage of total count
                 A         B        C        D         E       F
            +---------+---------+-------+---------+---------+-------
      Total |     562 |     283 |  33.5 |      88 |      21 |  19.3
            +---------+---------+-------+---------+---------+-------
        D:1 |      20 |       0 |   0.0 |      11 |       0 |   0.0
        D:2 |      74 |      27 |  26.7 |      25 |       8 |  24.2
        D:3 |     127 |      84 |  39.8 |      30 |      12 |  28.6
        D:4 |     170 |     172 |  50.3 |      17 |       1 |   5.6
        D:5 |     171 |       0 |   0.0 |       5 |       0 |   0.0
            +---------+---------+-------+---------+---------+-------
